 Dungeon Crawl Stone Soup version 0.30.1-9-gdf580d7c3d (webtiles) character file.

Game seed: 15156585760623957764

821 monsoonserge the Covered (level 7, -5/52 HPs)
             Began as a Demonspawn Warper on Oct 17, 2023.
             Slain by an ogre
             ... wielding a +0 giant club
              (16 damage)
             ... on level 5 of the Dungeon.
             The game lasted 00:15:22 (5349 turns).

monsoonserge the Covered (Demonspawn Warper)        Turns: 5349, Time: 00:15:22

Health: -5/52      AC: 10    Str: 11    XL:     7   Next: 63%
Magic:  8/10       EV: 12    Int: 16    God:
Gold:   209        SH:  0    Dex: 19    Spells: 8/10 levels left

rFire   . . .        u - +3 dagger (protect)
rCold   . . .        (no shield)
rNeg    . . .        q - +0 ring mail
rPois   .            (helmet restricted)
rElec   .            (no cloak)
rCorr   .            (no gloves)
SInv    .            (no boots)
Will    .....        (no amulet)
Stlth   +            g - +6 ring of dexterity
HPRegen 0.28/turn    n - +4 ring of protection
MPRegen 0.12/turn

%: no passive effects
@: on blink cooldown
A: antennae 1, powered by pain 2, spiny 1
a: no special abilities


You were on level 5 of the Dungeon.
You visited 2 branches of the dungeon, and saw 7 of its levels.

You collected 383 gold pieces.
You spent 174 gold pieces at shops.

Inventory:

Hand Weapons
 a - a +0 falchion
 i - a +0 dagger of venom
 m - a +0 sling
 u - a +3 dagger of protection (weapon)
Missiles
 d - 7 boomerangs of dispersal
 j - 11 boomerangs
 k - 7 poisoned darts (quivered)
Armour
 b - a +0 leather armour
 q - a +0 ring mail (worn)
Jewellery
 g - a +6 ring of dexterity (left hand)
 n - a +4 ring of protection (right hand)
Wands
 l - a wand of roots (7)
 B - a wand of flame (31)
Scrolls
 c - 2 scrolls of blinking
 f - 2 scrolls of vulnerability {unknown}
 h - 3 scrolls of teleportation
 o - a scroll of amnesia
 r - a scroll of poison
 s - 2 scrolls of fear
 v - a scroll of fog {unknown}
 w - 2 scrolls of noise {unknown}
 x - 2 scrolls of immolation {unknown}
 y - a scroll of magic mapping {unknown}
Potions
 e - 2 potions of attraction
 p - a potion of berserk rage {unknown}
 t - 4 potions of curing
 z - a potion of lignification
 A - a potion of heal wounds {unknown}


   Skills:
 + Level 3.1 Fighting
 + Level 3.3(3.6) Short Blades
 - Level 2.2(3.1) Long Blades
 + Level 0.9 Throwing
 * Level 5.1 Armour
 + Level 3.1 Dodging
 - Level 1.0 Stealth
 - Level 2.0 Spellcasting
 * Level 3.5 Translocations


You had 8 spell levels left.
You knew the following spells:

 Your Spells              Type           Power      Damage    Failure   Level
a - Blink                 Tloc           26%        N/A       16%         2

Your spell library contained the following spells:

 Spells                   Type           Power      Damage    Failure   Level
 Lesser Beckoning         Tloc           26%        N/A       16%         2
 Teleport Other           Tloc           13%        N/A       30%         3
 Magic Dart               Conj           4%         1d3       41%         1
 Vhi's Electric Charge    Tloc/Air       14%        N/A       54%         3
 Searing Ray              Conj           2%         2d4       56%         2
 Sublimation of Blood     Necr           1%         N/A       56%         2
 Wereblood                Tmut           1%         N/A       56%         2
 Manifold Assault         Tloc           13%        N/A       71%         4
 Inner Flame              Hex/Fire       1%         N/A       80%         3
 Flame Wave               Conj/Fire      1%         2d4       99%         4
 Fulminant Prism          Conj/Hex       0%         3d5       99%         4
 Sticky Flame             Conj/Fire      1%         2d3       99%         4
 Summon Hydra             Summ           0%         N/A       100%        7


Dungeon Overview and Level Annotations

Branches:
Dungeon (6/15)             Temple (1/1) D:5

Altars:
Cheibriados
Dithmenos
Fedhas
Gozag
Hepliaklqana
Kikubaaqudgha
Makhleb
Nemelex Xobeh
Qazlal
Ru
Trog
Uskayaw
Wu Jian
Xom
Yredelemnul

Shops:
D:2 *?:   D:3 (

Annotations:
D:5 Menkaure
D:6 Maggie


Innate Abilities, Weirdness & Mutations

You have a pair of small antennae on your head.
You sometimes gain power by taking damage.
You are partially covered in sharp spines.


Message History

You hit the sleepcap.
You destroy the sleepcap!
The phantom hits you but does no damage.
Your Armour skill increases to level 5!
The phantom attacks as you move away! The phantom closely misses you.
The jelly attacks as you move away! The jelly hits you but does no damage.
The jelly closely misses you.
There is a stone staircase leading up here.
You see here a howler monkey corpse.
Casting: Blink (safe; 16% risk of failure)
Confirm with . or Enter, or press ? or * to list all spells.
You blink.
Found a rapier.
You feel stable enough to blink again.
You see here a +0 rapier.
Maggie the Vainglorious comes into view.
She is wielding a +1 long sword of draining and carrying a wand of quicksilver (8).
Maggie shouts!
Maggie casts a spell.
Maggie attempts to bespell you!
You are mesmerised by Maggie!
You break out of your daze!
An ogre comes into view. It is wielding a +0 giant club.
Maggie zaps a wand.
The bolt of dispelling energy misses you.
The ogre shouts!
Maggie zaps a wand.
The bolt of dispelling energy misses you.
The ogre hits you with a +0 giant club!!
* * * LOW HITPOINT WARNING * * *
There is a stone staircase leading up, spattered with blood here.
You see here a howler monkey corpse.
Unknown command.
You climb upwards.
Level annotation: Menkaure
There is a stone staircase leading down here.
Casting: Blink (safe; 16% risk of failure)
Confirm with . or Enter, or press ? or * to list all spells.
You blink.
The ogre is struck by your spines. The ogre hits you with a +0 giant club!
You die...

.....#§§≈≈≈≈§≈§≈≈##..............
....)#§§≈≈≈≈≈≈≈≈§###########.....
.....#§§≈≈≈≈≈≈§≈≈##........#.....
.....##############........#.....
.......#...>......#........'.....
......>#..........#........#.....
.......#..........#........#.....
.......#.....##O..##########.....
.......#########@##..............
.##'####.....##...#.........#####
.#.[..............#.........#....
.#................#.........#....
.#...........######.........#....
.#....##'#####.........######....
.#....#................'...##....
.###'##................#...##....
.......................#....#....


You could see an ogre.

Vanquished Creatures
  2 water moccasins (D:5)
  An ogre (D:4)
  2 scorpions
  A howler monkey (D:6)
  A gnoll bouda (D:4)
  2 sleepcaps
  2 iguanas
  An orc wizard (D:4)
  4 adders
  8 gnolls
  A white imp (D:5)
  6 dart slugs
  5 orcs
  5 bats
  3 endoplasms
  2 giant cockroaches
  7 goblins
  5 hobgoblins
  5 jackals
  5 quokkas
  8 ball pythons
  2 frilled lizards (D:2)
  5 kobolds
  4 rats
87 creatures vanquished.

Notes
Turn   | Place    | Note
-------+----------+-------------------------------------------
     0 | D:1      | monsoonserge the Demonspawn Warper began the quest for the
                  | Orb.
     0 | D:1      | Reached XP level 1. HP: 16/16 MP: 3/3
   203 | D:1      | Gained mutation: You sometimes gain a little power by
                  | taking damage. [demonic ancestry]
   203 | D:1      | Reached XP level 2. HP: 22/22 MP: 5/5
   206 | D:1      | Reached skill level 1 in Armour
   300 | D:1      | You fall into a shaft and drop 1 floor!
   380 | D:2      | Learned a level 2 spell: Blink
   619 | D:1      | Reached XP level 3. HP: 27/27 MP: 6/6
  1035 | D:2      | Found Qynuiss's Book Boutique.
  1071 | D:2      | Found Tuteis's Magic Scroll Shoppe.
  1074 | D:2      | Bought a scroll of teleportation for 36 gold pieces
  1084 | D:2      | Found Piwol's General Store.
  1745 | D:2      | Bought a scroll of fear for 48 gold pieces
  1864 | D:3      | Found a faded altar of an unknown god.
  1885 | D:2      | Reached skill level 1 in Stealth
  1885 | D:2      | Gained mutation: You sometimes gain power by taking damage.
                  | [demonic ancestry]
  1885 | D:2      | Reached XP level 4. HP: 18/34 MP: 4/7
  1958 | D:2      | Reached skill level 2 in Armour
  1989 | D:3      | Reached skill level 1 in Short Blades
  2237 | D:2      | Bought a scroll of blinking for 90 gold pieces
  2294 | D:3      | Found Ilyloweh's Antique Weapon Emporium.
  2340 | D:3      | Found a shadowy altar of Dithmenos.
  2344 | D:3      | Found an ancient bone altar of Kikubaaqudgha.
  2928 | D:4      | Gained mutation: You are partially covered in sharp spines.
                  | [demonic ancestry]
  2928 | D:4      | Reached XP level 5. HP: 35/39 MP: 8/8
  3217 | D:4      | Noticed an ogre
  3380 | D:4      | Reached skill level 3 in Armour
  3389 | D:4      | Reached XP level 6. HP: 28/46 MP: 9/9
  3885 | D:5      | Entered Level 5 of the Dungeon
  4258 | D:5      | Noticed a water moccasin
  4264 | D:5      | Killed a water moccasin
  4265 | D:5      | Reached skill level 4 in Armour
  4487 | D:5      | Noticed a water moccasin
  4500 | D:5      | Killed a water moccasin
  4501 | D:5      | Gained mutation: You have a pair of small antennae on your
                  | head. [demonic ancestry]
  4501 | D:5      | Reached XP level 7. HP: 24/51 MP: 7/10
  4857 | D:5      | Found a staircase to the Ecumenical Temple.
  4866 | Temple   | Entered the Ecumenical Temple
  5183 | D:5      | Noticed Menkaure
  5316 | D:6      | Reached skill level 5 in Armour
  5331 | D:6      | Noticed Maggie
  5349 | D:5      | Slain by an ogre

Illustrated notes

Levels and vault maps discovered:
D:1:      matt_arrival_refuge, layout_basic, serial_curves, eino_curves_04,
          eino_curves_04
D:2:      layout_basic, serial_shops, shop, shop, nicolae_shop_behind_doors
D:3:      layout_loops_ring, minitemple, ebering_ecumenical_altar_rust,
          serial_shops, shop
D:4:      layout_loops_ring
D:5:      layout_gridville, minmay_temple_entry_poolview, uniq_menkaure
D:6:      layout_loops_ring, st_stairs_9, uniq_maggie, uniq_crazy_yiuf_cottage
Temple:   nicolae_temple_bog_church

Skill      XL: |  1  2  3  4  5  6  7 |
---------------+----------------------+-----
Long Blades    | 2 |  2.2
Armour         | 1 2 3 4 5 |  5.1
Dodging        | 2 3 |  3.1
Translocations | 3 |  3.5
Stealth        | 1 |  1.0
Short Blades   | 1 2 3 |  3.3
Fighting       | 3 |  3.1
Throwing       | |  0.9
Spellcasting   | |  2.0

Action                     |  1- 3 |  4- 6 |  7- 9 || total
---------------------------+-------+-------+-------++-------
  Melee: Falchion          |    33 |       |       ||    33
         Punch             |     1 |     3 |     1 ||     5
         Dagger            |    70 |   178 |    37 ||   285
  Throw: Dart              |     2 |       |       ||     2
   Cast: Blink             |     1 |     1 |     3 ||     5
  Evoke: Wand              |       |     1 |     2 ||     3
    Use: Scroll            |       |     5 |       ||     5
   Stab: Sleeping          |     3 |       |       ||     3
 Armour: Leather armour    |    22 |       |       ||    22
         Ring mail         |    21 |    59 |    20 ||   100
  Dodge: Dodged            |    65 |    93 |    25 ||   183
